 Dungeon Crawl Stone Soup version 0.23-a0-417-gf02c810438 (webtiles) character file.

718 Eqeqeq the Cudgeler (level 7, -2/57 HPs)
             Began as a Grey Draconian Warper on Nov 10, 2018.
             Was a Believer of Makhleb.
             Slain by a howler monkey (6 damage)
             ... on level 4 of the Dungeon.
             The game lasted 00:11:28 (4701 turns).

Eqeqeq the Cudgeler (Grey Draconian Warper)         Turns: 4701, Time: 00:11:29

Health: -2/57      AC: 13    Str: 13    XL:     7   Next: 42%
Magic:  3/10       EV: 13    Int: 14    God:    Makhleb [**....]
Gold:   181        SH:  0    Dex: 12    Spells: 1/10 levels left

rFire    . . .     SeeInvis .   b - +2 mace (crush)
rCold    . . .     Gourm    .   (no shield)
rNeg     . . .     Faith    .   (armour unavailable)
rPois    .         Spirit   .   (helmet restricted)
rElec    .         Reflect  .   i - +1 cloak
rCorr    .         Harm     .   (no gloves)
MR       .....                  (no boots)
Stlth    +.........             (no amulet)
HPRegen  0.19/turn              (no ring)
MPRegen  0.12/turn              (no ring)

@: very slightly contaminated
A: walk through water, unfitting armour, unbreathing, cold-blooded, AC +11
a: Minor Destruction, Renounce Religion


You were on level 4 of the Dungeon.
You worshipped Makhleb.
Makhleb was pleased with you.
You were hungry.

You visited 1 branch of the dungeon, and saw 5 of its levels.

You collected 181 gold pieces.

Inventory:

Hand Weapons
 a - a +0 mace
 b - a +2 mace of crushing (weapon)
 j - a +2 dagger of speed
Missiles
 d - 2 tomahawks of dispersal (quivered)
Armour
 i - a +1 cloak (worn)
Jewellery
 e - an uncursed ring of positive energy {unknown}
 o - an uncursed ring of protection from magic
Wands
 r - a wand of random effects (21)
 y - a wand of clouds (4)
 z - a wand of iceblast (8)
Scrolls
 c - 3 scrolls of blinking
 g - 2 scrolls of teleportation {unknown}
 h - a scroll of magic mapping
 m - a scroll of fear {unknown}
 n - 3 scrolls of remove curse
 q - a scroll of enchant weapon
 u - a scroll of enchant armour
 x - 2 scrolls of identify
 A - a scroll of fog {unknown}
Potions
 l - a potion of invisibility {unknown}
 p - a potion of haste {unknown}
 s - 2 potions of curing {unknown}
 v - a potion of flight {unknown}
 w - a potion of mutation {unknown}
Comestibles
 f - 6 rations
 k - 2 chunks of flesh


   Skills:
 - Level 3.0 Fighting
 * Level 5.7 Maces & Flails
 - Level 1.0 Throwing
 - Level 3.0 Dodging
 - Level 2.0 Spellcasting
 + Level 4.1 Translocations
 * Level 4.7 Invocations


You had one spell level left.
You knew the following spells:

 Your Spells              Type           Power        Failure   Level  Hunger
a - Blink                 Tloc           N/A          7%          2    ###....
b - Gell's Gravitas       Tloc           ##........   13%         3    ####...
c - Passage of Golubria   Tloc           N/A          41%         4    #####..

Your spell library contained the following spells:

 Spells                   Type           Power        Failure   Level  Hunger
 Lesser Beckoning         Tloc           ##........   13%         3    ####...
 Teleport Other           Tloc           ##......     13%         3    ####...
 Shroud of Golubria       Chrm/Tloc      #.........   16%         2    ###....


Dungeon Overview and Level Annotations

Branches:
Dungeon (5/15)             Temple (0/1) D:4

Altars:
Ashenzari
Makhleb
Ru
Vehumet
Xom

Shops:
D:5 :

Annotations:
D:4 2 transporters, kroki's ghost, amateur MiFi


Innate Abilities, Weirdness & Mutations

You can walk through water.
Your dull iron-grey scales are very hard. (AC +11)
You cannot fit into any form of body armour.
You can survive without breathing.
You are cold-blooded and may be slowed by cold attacks.


Message History

The orc priest is severely wounded.
The centaur misses you. The giant cockroach closely misses you.
The orc priest misses you. The shadow imp hits you.
* * * LOW HITPOINT WARNING * * *
The centaur hits you but does no damage.
The howler monkey hits you!
* * * LOW HITPOINT WARNING * * *
You closely miss the orc priest.
The orc priest is severely wounded.
The giant cockroach misses you. The centaur barely misses you.
The orc priest hits you but does no damage.
The shadow imp misses you.
The howler monkey hits you but does no damage.
The giant cockroach bites you but does no damage.
The orc priest hits you but does no damage.
The centaur barely misses you.
You closely miss the orc priest.
The orc priest is severely wounded.
The howler monkey hits you.
You die...

#.....#.# #########.# ###
#.......# #.# #. #.......# ###
## #.....[.########
#.....©....© #.#...#........###
#.#..#.#..#.
#........<.....#.###..##...##..
####.###..).....#.##..##...##..
#.# #......oh...#.#..#.#..#.
##.# #.....s@c..##W....$$....
#..# #......5#...############
#.## #.......#.##.....©.©....
#.# ######.##.##.##.#.......
#.# #.......##.##..#.#. #.#
####.#####.###.#... #.#
#.......###.##.# #.#
#.##......#.##.# #.#####
######.##.####.#.....


You could see a centaur, a howler monkey, an orc priest, a shadow imp and a
giant cockroach.

Vanquished Creatures
  A phantom (D:4)
  An ice beast (D:3)
  A howler monkey (D:4)
  2 hounds
  2 jellies (D:4)
  An orc wizard (D:4)
  2 worker ants (D:4)
  2 hound skeletons (D:4)
  Robin (D:2)
  4 adders
  13 gnolls
  2 worms
  A dart slug (D:3)
  2 leopard geckos
  6 orcs
  5 bats
  5 giant cockroaches
  13 goblins
  10 hobgoblins
  An iguana (D:4)
  6 jackals
  8 kobolds
  2 ball pythons
  8 frilled lizards
  A quokka skeleton (D:4)
  4 rats
104 creatures vanquished.

Notes
Turn   | Place    | Note
-------+----------+-------------------------------------------
     0 | D:1      | Eqeqeq the Draconian Warper began the quest for the Orb.
     0 | D:1      | Reached XP level 1. HP: 17/17 MP: 3/3
    25 | D:1      | Reached skill level 1 in Throwing
   460 | D:1      | Reached XP level 2. HP: 20/25 MP: 5/5
   989 | D:2      | Learned a level 2 spell: Blink
  1029 | D:2      | Reached XP level 3. HP: 27/30 MP: 6/6
  1034 | D:2      | Found a faded altar of an unknown god.
  1080 | D:2      | Became a worshipper of Makhleb the Destroyer
  1080 | D:2      | Reached * piety under Makhleb
  1288 | D:2      | Noticed Robin
  1299 | D:2      | Reached skill level 3 in Maces & Flails
  1418 | D:2      | Learned a level 3 spell: Gell's Gravitas
  1455 | D:2      | Found a burning altar of Makhleb.
  1474 | D:2      | Reached XP level 4. HP: 17/37 MP: 7/7
  1805 | D:1      | Reached skill level 1 in Invocations
  1871 | D:2      | Killed Robin
  1975 | D:2      | You fall through a shaft for 2 floors!
  2384 | D:4      | Reached XP level 5. HP: 45/45 MP: 8/8
  2397 | D:4      | Noticed a phantom
  2449 | D:4      | Found a transporter.
  2566 | D:4      | Reached skill level 4 in Maces & Flails
  2567 | D:4      | Noticed kroki's ghost (amateur MiFi)
  2685 | D:4      | Noticed an ogre
  2688 | D:4      | Found a transporter.
  2716 | D:3      | Noticed an ice beast
  2731 | D:3      | Killed an ice beast
  2731 | D:3      | Reached XP level 6. HP: 20/51 MP: 9/9
  3086 | D:3      | Reached ** piety under Makhleb
  3909 | D:3      | Found a sacrificial altar of Ru.
  3915 | D:3      | Found a shattered altar of Ashenzari.
  3918 | D:3      | Found a radiant altar of Vehumet.
  4014 | D:4      | Learned a level 4 spell: Passage of Golubria
  4138 | D:4      | Found a staircase to the Ecumenical Temple.
  4141 | D:4      | Reached skill level 5 in Maces & Flails
  4256 | D:4      | Found a shimmering altar of Xom.
  4280 | D:4      | Your scales start taking on a dull iron-grey colour.
  4280 | D:4      | Reached XP level 7. HP: 57/57 MP: 10/10
  4280 | D:4      | Gained mutation: You can survive without breathing. [Grey
                  | Draconian growth]
  4675 | D:5      | Entered Level 5 of the Dungeon
  4675 | D:5      | Found Wunoif's Book Shoppe.
  4701 | D:4      | Slain by a howler monkey

Vault maps used:
D:1:      dpeg_arrival_boxorama, nrook_mini_backslash
D:2:      makhleb_heckhound_becter, chequers_ecumenical_altar_simple,
          first_ration, uniq_robin
D:3:      minmay_overflow_temple_star_quad, minmay_misc_feat_iff
D:4:      minmay_temple_entry_junction_2, gammafunk_ghost_smash,
          small_statue_intersection, dk_xom_monty_hall
D:5:      serial_shops, shop, minivault_5, hangedman_decor_push,
          minmay_crystal_water, lightli_minifort

Skill      XL: |  1  2  3  4  5  6  7 |
---------------+----------------------+-----
Throwing       | 1 |  1.0
Maces & Flails | 3 4 5 |  5.7
Fighting       | 3 |  3.0
Invocations    | 1 2 4 |  4.7
Dodging        | 3 |  3.0
Translocations | 4 |  4.1
Spellcasting   | |  2.0

Action                   |  1- 3 |  4- 6 |  7- 9 || total
-------------------------+-------+-------+-------++-------
Melee: Mace              |    34 |   137 |    63 ||   234
       Tailslap          |     7 |    23 |     9 ||    39
       Dagger            |    55 |    60 |       ||   115
       Spear             |    30 |    59 |       ||    89
Throw: Tomahawk          |       |     3 |       ||     3
 Cast: Gell's Gravitas   |       |     9 |     5 ||    14
Invok: Minor Destruction |       |     3 |       ||     3
  Use: Scroll            |     6 |     2 |       ||     8
       Potion            |       |     3 |     2 ||     5
  Eat: Chunk             |     2 |    10 |     2 ||    14
Armor: Skin              |    49 |    84 |    56 ||   189
Dodge: Dodged            |    77 |   205 |   108 ||   390

Table legend:
 A = Non-vault XP
 B = Vault XP
 C = Vault XP percentage of total XP
 D = Non-vault monster count
 E = Vault monster count
 F = Vault count percentage of total count
                 A         B        C        D         E       F
            +---------+---------+-------+---------+---------+-------
      Total |     858 |     168 |  16.4 |      87 |      17 |  16.3
            +---------+---------+-------+---------+---------+-------
        D:1 |      37 |       8 |  17.8 |      23 |       4 |  14.8
        D:2 |      20 |      74 |  78.7 |       5 |      10 |  66.7
        D:3 |     285 |       0 |   0.0 |      29 |       0 |   0.0
        D:4 |     516 |      86 |  14.3 |      30 |       3 |   9.1
            +---------+---------+-------+---------+---------+-------
